 Dungeon Crawl Stone Soup version 0.20.1-1-g8b1a95d66d (webtiles) character file.

904808 certifiedBob the Skullcrusher (level 27, -2/249 HPs)
             Began as a Demonspawn Berserker on Dec 31, 2017.
             Was an Elder of Trog.
             Killed from afar by a Hell Sentinel (39 damage)
             ... with damnation
             ... on level 7 of the Iron City of Dis.
             The game lasted 08:11:57 (92839 turns).

certifiedBob the Skullcrusher (DsBe)               Turns: 92839, Time: 08:11:58

Health: -2/249     AC: 34    Str: 25    XL:     27
Magic:  23/23      EV: 30    Int: 12    God:    Trog [****..]
Gold:   9532       SH: 16    Dex: 27    Spells: 26/26 levels left

rFire    + + +     SeeInvis +   b - +6 eveningstar (freeze)
rCold    + + +     Gourm    +   l - +0 shield
rNeg     + + .     Faith    .   g - +7 gold dragon scales
rPois    +         Spirit   .   x - +1 helmet "Giupihoc" {*Slow rF+ rC+ Slay+6}
rElec    +         Reflect  .   W - +2 cloak {rC+}
rCorr    .         Harm     .   f - +0 pair of fencer's gloves {+Riposte Dex+3}
MR       ++++.     Rnd*Rage +   (boots unavailable)
Stlth    ..........             h - amulet of the gourmand
Regen    1.6/turn               H - +5 ring of evasion
MPRegen  0.2/turn               A - ring "Laeqi" {rElec rF+ rC+ rN+ SInv}

@: mighty, regenerating
A: hooves 3, thin metallic scales 3, agile 1, berserk 1, deformed body, foul
stench 2, negative energy resistance 1, sense surroundings 1, spiny 3, 50%
torment resistance, strong 1, black mark, rot immunity
}: 6/15 runes: decaying, serpentine, silver, obsidian, bone, abyssal
a: Berserk, Trog's Hand, Brothers in Arms, Burn Spellbooks, Renounce Religion


You were on level 7 of the Iron City of Dis.
You worshipped Trog.
Trog was greatly pleased with you.
You were very full.

You visited 14 branches of the dungeon, and saw 74 of its levels.
You visited the Abyss 3 times.
You also visited: Labyrinth, Ice Cave and Wizlab.

You collected 10656 gold pieces.
You spent 1124 gold pieces at shops.

Inventory:

Hand Weapons
 b - a +6 eveningstar of freezing (weapon)
 d - a +3 antimagic demon whip
 j - the +7 sceptre of Asmodeus
   (You took it off Asmodeus on level 7 of Gehenna)
 w - a +6 demon whip of electrocution
Missiles
 P - 3 silver javelins (quivered)
 T - 30 javelins of returning
 U - 34 poisoned javelins
 V - 23 javelins
 X - 14 steel javelins
Armour
 f - the +0 pair of fencer's gloves (worn) {+Riposte Dex+3}
   (You acquired it on level 2 of the Realm of Zot)

   It affects your dexterity (+3).
 g - +7 gold dragon scales (worn)
 l - a +0 shield (worn)
 r - a +2 pair of gloves of strength
 x - the +1 helmet "Giupihoc" (worn) {*Slow rF+ rC+ Slay+6}
   (You bought it in a shop on level 1 of the Depths)

   It affects your accuracy and damage with ranged weapons and melee attacks
   (+6).
   It protects you from fire.
   It protects you from cold.
   It may slow you when you take damage.
 W - a +2 cloak of cold resistance (worn)
Jewellery
 a - the ring of Law {rF+ Dex+5, unknown}
   (You found it on level 7 of Tartarus)

   [ring of protection from fire]

   It affects your dexterity (+5).
   It protects you from fire.
 h - an amulet of the gourmand (around neck)
 A - the ring "Laeqi" (right hand) {rElec rF+ rC+ rN+ SInv}
   (You found it in an ice cave)

   [ring of positive energy]

   It protects you from fire.
   It protects you from cold.
   It insulates you from electricity.
   It protects you from negative energy.
   It lets you see invisible.
 G - the ring "Iddobus" {rCorr rElec rPois Int+3}
   (You found it on level 6 of the Lair of Beasts)

   [ring of resist corrosion]

   It affects your intelligence (+3).
   It insulates you from electricity.
   It protects you from poison.
 H - a +5 ring of evasion (left hand)
Wands
 q - a wand of digging (12/24)
 E - a wand of digging (10/24)
 L - a wand of digging (6/24)
 N - a wand of digging (11/24)
 S - a wand of digging (1/24)
Scrolls
 e - 37 scrolls of remove curse
 p - 18 scrolls of teleportation
 s - a scroll of holy word
 t - 6 scrolls of blinking
 u - 12 scrolls of magic mapping
 z - 5 scrolls of recharging
 B - 2 scrolls of fog
 M - 4 scrolls of fear
 O - 3 scrolls of silence
Potions
 m - 12 potions of curing
 n - 8 potions of brilliance
 v - 2 potions of might
 C - a potion of haste
 F - 10 potions of flight
 I - 2 potions of heal wounds
 R - 7 potions of resistance
Miscellaneous
 k - the horn of Geryon
 D - a box of beasts
Comestibles
 c - a bread ration
 i - 39 meat rations


   Skills:
 O Level 27 Fighting
 O Level 27 Maces & Flails
 + Level 4.2(19.0) Staves
 - Level 12.2 Throwing
 + Level 16.7 Armour
 O Level 27 Dodging
 + Level 16.4 Shields


You had 26 spell levels left.
You didn't know any spells.

Dungeon Overview and Level Annotations

Branches:
Dungeon (15/15)            Temple (0/1) D:6            Lair (6/6) D:10
  Swamp (4/4) Lair:2        Snake (4/4) Lair:4        Slime (0/5) Lair:5
    Orc (2/2) D:11            Elf (3/3) Orc:2        Vaults (5/5) D:13
  Crypt (3/3) Vaults:2       Tomb (0/3) Crypt:3      Depths (5/5) D:15
   Hell (1/1)                 Dis (7/7) Hell            Geh (7/7) Hell
    Tar (7/7) Hell            Zot (5/5) Depths:5
    Coc: Hell:1

Altars:
Fedhas
Makhleb
Nemelex Xobeh
Qazlal
Vehumet
Yredelemnul
The Shining One
Beogh
Jiyva

Shops:
D:5 (   D:9 (   Orc:2 =[**(   Elf:3 }   Vaults:3 [   Depths:1 [   Depths:2 *

Portals:
Hell: Depths:1 Depths:2 Depths:3 Depths:4 Depths:5
Abyss: Depths:4 Depths:5
Pandemonium: Depths:1 Depths:3
Ziggurat: Depths:4

Annotations:
Lair:4 exclusion: oklob plant
Snake:2 exclusion: ice statue
Geh:5 13 runed doors


Innate Abilities, Weirdness & Mutations

You have hooves in place of feet.
You are completely covered in thin metallic scales. (AC +4, rElec)
You frequently emit foul miasma when damaged in melee.
You resist negative energy. (rN+)
You are completely covered in sharp spines.
You are somewhat able to resist unholy torments (1 in 2 success).
Your melee attacks may debilitate your foes.
You are immune to rotting.
You are agile. (Dex +2)
You tend to lose your temper in combat.
Armour fits poorly on your strangely shaped body.
You passively map a small area around you.
Your muscles are strong. (Str +2)


Message History

Your skin stops crawling.
You feel less resistant to hostile enchantments.
Your skin crawls.
You feel resistant to hostile enchantments.
You feel quite a bit less full.
A Hell Sentinel is nearby!
Throwing (i - inventory. (,) - cycle):
P - 4 silver javelins (quivered)
Press: ? - help, Shift-Dir - straight line, f - Hell Sentinel
Aim: a Hell Sentinel (severely wounded)
You throw a silver javelin.
The silver javelin hits the Hell Sentinel!
The Hell Sentinel is severely wounded.
The Hell Sentinel gestures at you.
The sphere of damnation explodes!
The damnation engulfs you!
* * * LOW HITPOINT WARNING * * *
You hear a deafening roar!
The reaper barely misses you. The Hell Sentinel gestures at you.
The sphere of damnation explodes!
The damnation engulfs you!
You die...

#.* #.....# #.*
#.....#
#.#######.....#
#.............#
#...#########.#
#...# #.# #...#
#.###### #...#
#.......
#..@#########.......
#...12..........))..
#....2.........∩))..
####################


You could see a Hell Sentinel, a reaper and a tormentor.

Vanquished Creatures
  Asmodeus (Geh:7)
  Ereshkigal (Tar:7)
  the Serpent of Hell (Tar:7)
  Khufu (Crypt:1)
  2 orbs of fire (Zot:5)
  4 ancient liches
  Mennas (Depths:4)
  3 juggernauts
  2 greater mummies
  Saint Roka (Crypt:3)
  Frederick (Vaults:5)
  Geryon (Hell)
  3 Killer Klowns
  A curse toe (Zot:5)
  11 golden dragons
  Nikola (Elf:1)
  A profane servitor (Crypt:3)
  8 bone dragons
  3 doom hounds
  7 Tzitzimimeh
  6 electric golems
  10 Brimstone Fiends
  A Cloud Mage (WizLab)
  Jorgrun (Depths:5)
  A hellephant (Hell)
  8 liches
  3 iron giants
  26 tentacled monstrosities
  3 Hell Sentinels
  3 deep elf blademasters
  8 Orb Guardians (Zot:5)
  6 titans
  11 quicksilver dragons
  2 deep elf master archers (Elf:3)
  5 sphinxes
  Frances (D:12)
  3 Executioners
  11 death cobs
  4 eldritch tentacles
  Murray (Hell)
  Gastronok (Orc:1)
  A kraken (Abyss:5)
  The ghost of chimenez the Thaumaturge, an adept FoEE of Cheibriados (Depths:1)
  8 ancient champions
  Kirke (Swamp:3)
  14 storm dragons
  10 shadow dragons
  24 tentacled starspawn
  Roxanne (Elf:1)
  Agnes (Elf:1)
  A thorn hunter (Swamp:4)
  3 revenants
  9 tengu reavers
  8 draconian monks
  A daeva (Abyss:5)
  14 fire giants
  7 nagarajas
  An iron dragon (Depths:4)
  5 ghost moths
  8 draconian knights
  6 deep elf sorcerers
  11 vault wardens
  Louise (Elf:2)
  The ghost of leszekd25 the Fighter, a journeyman DrAE of Ashenzari (Orc:1)
  6 draconian shifters
  2 orc warlords
  3 draconian scorchers
  11 frost giants
  5 deep elf elementalists (Elf:3)
  8 balrugs
  23 ironheart preservers
  3 draconian stormcallers
  3 curse skulls
  A draconian annihilator (Zot:2)
  9 ghouls (Crypt:3)
  16 very ugly things
  6 war gargoyles
  34 reapers
  33 stone giants
  4 entropy weavers
  A spriggan defender (Depths:4)
  11 vampire knights
  12 green draconians
  5 deep elf demonologists
  15 black draconians
  9 deep elf annihilators
  2 dire elephants
  3 spark wasps
  7 lorocyprocas
  11 purple draconians
  Azrael (D:12)
  11 red draconians
  2 crystal guardians
  5 blizzard demons
  19 white draconians
  2 green deaths
  25 ettins
  10 yellow draconians
  A minotaur (shapeshifter) (Vaults:3)
  16 eidola
  9 deep elf death magi
  6 jiangshi
  Snorg (Lair:6)
  A mummy priest (Crypt:3)
  A minotaur (Lab)
  8 fire dragons
  5 quicksilver dragon zombies
  10 great orbs of eyes
  A fire dragon (shapeshifter) (Depths:4)
  5 deep elf high priests
  28 vault guards
  Harold (D:11)
  22 yaktaur captains
  A quicksilver dragon skeleton (Geh:3)
  23 ogre magi
  9 ice dragons
  19 naga warriors
  7 spriggan air magi
  30 hydras
  12 rakshasas
  11 centaur warriors
  12 anacondas
  4 ghost crabs
  62 two-headed ogres
  9 death knights
  6 tengu warriors
  7 death yaks (Depths:3)
  A satyr (shapeshifter) (Vaults:5)
  17 naga sharpshooters
  26 dancing weapons
  10 deep troll earth magi
  20 hell hogs
  6 deep troll shamans
  11 alligators
  5 titan zombies
  9 shock serpents
  10 spriggan berserkers
  9 vampire magi
  42 thrashing horrors
  2 orc high priests
  16 soul eaters
  2 iron golems
  19 deep elf knights
  15 hell knights
  23 wretched stars
  3 salamander mystics
  4 storm dragon zombies
  13 sun demons
  10 spriggans
  72 skeletal warriors
  3 death drakes
  A titan skeleton (Tar:6)
  3 sea snakes (Snake:4)
  A sixfirhy (Abyss:5)
  5 golden dragon zombies
  7 shadow wraiths
  4 iron trolls
  3 spatial maelstroms (Abyss:5)
  3 spriggan druids (Swamp:4)
  2 storm dragon skeletons
  21 flayed ghosts
  A fire crab (Abyss:5)
  An entropy weaver zombie (Crypt:2)
  4 shadow dragon zombies
  6 naga ritualists
  32 deep trolls
  3 unseen horrors
  4 anaconda zombies
  A wizard (Vaults:1)
  A deep troll (shapeshifter) (Vaults:2)
  9 swamp dragons
  2 obsidian statues (Zot:4)
  20 deep elf archers
  27 phantasmal warriors
  8 shadow demons
  A golden dragon skeleton (Geh:3)
  4 harpies (Vaults:2)
  A lindwurm (shapeshifter) (Elf:2)
  19 ironbrand convokers
  A harpy (shapeshifter) (Vaults:4)
  6 shambling mangroves
  A mana viper (shapeshifter) (Vaults:1)
  15 orc knights
  4 wolf spider zombies
  65 ugly things
  2 orb spiders (Zot:3)
  3 shadow dragon skeletons
  5 oklob plants (Zot:4)
  3 iron dragon zombies
  A shining eye (Abyss:5)
  74 deep elf magi
  7 necromancers
  6 frost giant zombies
  An orb spider (shapeshifter) (Vaults:4)
  11 wolf spiders
  2 anaconda skeletons
  A sphinx skeleton (Crypt:2)
  9 mana vipers
  6 fire giant zombies
  2 stone giant zombies
  23 salamanders
  7 orc sorcerers
  2 manticores
  A shining eye (shapeshifter) (Depths:3)
  5 cyclopes
  2 guardian serpents (shapeshifter)
  A human skeleton (Vaults:1)
  7 elephants
  14 rust devils
  2 stone giant skeletons
  A worldbinder (Abyss:5)
  39 black mambas
  28 naga magi
  9 guardian serpents
  22 moths of wrath
  3 black mambas (shapeshifter)
  A storm dragon simulacrum (Hell)
  A shock serpent zombie (Geh:7)
  An ice statue (IceCv)
  20 vault sentinels
  2 fire giant skeletons
  7 apocalypse crabs
  3 orange demons
  3 gargoyles
  21 smoke demons
  8 molten gargoyles
  A torpor snail (shapeshifter) (Vaults:5)
  3 dire elephant skeletons
  Joseph (D:9)
  A torpor snail (Lair:3)
  A kobold demonologist (Depths:5)
  2 rime drakes
  A red draconian zombie (Crypt:3)
  22 hellions
  19 spiny frogs
  2 catoblepas zombies
  5 demonic crawlers
  9 komodo dragons
  An efreet (D:15)
  An emperor scorpion zombie (Crypt:3)
  15 red devils
  11 ice devils
  9 tormentors
  21 freezing wraiths
  2 hellwings (Abyss:5)
  6 hydra zombies
  51 yaktaurs
  2 anaconda simulacra (IceCv)
  A guardian mummy (Crypt:3)
  A golden dragon simulacrum (IceCv)
  3 tengu conjurers
  The ghost of Csabeeboy the Skirmisher, an amateur DrWn (D:4)
  16 ancient zymes
  A harpy zombie (Tar:1)
  A merfolk (shapeshifter) (Vaults:4)
  A yaktaur skeleton (Vaults:1)
  A merfolk (D:15)
  A queen ant zombie (Crypt:2)
  5 jumping spiders
  3 polar bears
  A polar bear (shapeshifter) (Abyss:5)
  29 hornets
  7 wind drakes (WizLab)
  36 slime creatures
  4 tyrant leeches
  10 trolls
  50 raiju
  27 blink frogs
  4 ice dragon zombies
  A hornet (shapeshifter) (Depths:1)
  4 ettin zombies
  A hydra skeleton (Geh:6)
  An iron dragon simulacrum (Abyss:5)
  2 stone giant simulacra
  Grinder (D:6)
  A blink frog (shapeshifter) (Vaults:5)
  3 alligator zombies
  A harpy skeleton (Geh:6)
  3 fire dragon zombies
  7 dream sheep
  11 hippogriffs
  9 bog bodies
  An alligator skeleton (Tar:1)
  71 flying skulls
  An ice dragon skeleton (Geh:2)
  48 large abominations
  2 redbacks
  A frost giant simulacrum (Vaults:1)
  35 air elementals
  An ettin skeleton (Geh:7)
  13 shadows
  2 tarantellas (Zot:3)
  A wyvern (shapeshifter) (Vaults:5)
  2 vampires
  A fire dragon skeleton (Tar:7)
  2 tarantellas (shapeshifter)
  An ushabti (Crypt:3)
  88 starcursed masses
  8 water elementals
  25 yaks
  A spriggan (shapeshifter) (Vaults:4)
  A black mamba zombie (Crypt:3)
  24 wraiths
  6 ynoxinuls
  3 dire elephant simulacra (IceCv)
  5 basilisks
  9 golden eyes
  5 fire bats (Geh:3)
  A steam dragon (D:12)
  5 chaos spawn
  23 fire elementals
  3 hungry ghosts
  8 neqoxecs
  A wind drake skeleton (Crypt:2)
  2 hogs (Swamp:3)
  26 vampire mosquitoes
  Menkaure (D:4)
  10 wargs
  Edmund (D:6)
  2 spatial vortices (Abyss:5)
  4 harpy simulacra (IceCv)
  49 nagas
  18 swamp worms
  3 acid dragons
  29 insubstantial wisps
  A two-headed ogre zombie (Crypt:2)
  3 hydra simulacra
  31 small abominations
  10 water moccasins
  34 hell hounds
  An iron troll simulacrum (IceCv)
  3 spiny frog zombies
  6 porcupines
  18 swamp drakes
  41 orc warriors
  3 sky beasts
  A manticore zombie (Crypt:1)
  4 spiny frog skeletons
  3 ice beasts
  2 snapping turtle zombies
  An alligator simulacrum (IceCv)
  A dream sheep zombie (Crypt:1)
  2 black bears (D:10)
  2 ettin simulacra (IceCv)
  2 eyes of draining
  25 necrophages
  2 swamp dragon zombies
  A lindwurm zombie (Crypt:1)
  13 wolves
  6 phantoms
  40 ogres
  22 boggarts
  16 centaurs
  A dream sheep skeleton (Crypt:1)
  A snapping turtle skeleton (Geh:2)
  16 crocodiles
  12 bullfrogs
  4 big kobolds
  A glowing shapeshifter simulacrum (Vaults:1)
  A spiny frog simulacrum (Hell)
  3 cyclops zombies
  A draconian skeleton (Crypt:1)
  9 earth elementals
  5 scorpions
  13 wyvern skeletons
  53 wights
  An elf simulacrum (Vaults:3)
  4 killer bees (D:9)
  2 electric eels
  2 spriggan skeletons
  2 troll skeletons (Lab)
  13 crimson imps
  5 hounds
  3 quasits
  3 bullfrog zombies
  A draconian simulacrum (IceCv)
  9 centaur skeletons
  A gnoll shaman (D:4)
  A jelly (D:8)
  30 orc wizards
  A bullfrog skeleton (D:4)
  15 iron imps
  19 orc priests
  5 iguanas
  3 troll simulacra (IceCv)
  2 hell rats (Lair:1)
  4 lightning spires (Zot:4)
  A polar bear simulacrum (IceCv)
  A spriggan simulacrum (IceCv)
  4 worker ants
  A killer bee zombie (D:8)
  2 tengu zombies
  An acid dragon zombie (Crypt:1)
  4 centaur simulacra (IceCv)
  A hound zombie (D:10)
  2 mummies
  2 worker ant zombies
  A howler monkey skeleton (D:4)
  7 gnolls
  An ogre simulacrum (IceCv)
  8 adders
  6 naga simulacra (IceCv)
  9 river rats (Lair:1)
  9 shadow imps
  A steam dragon skeleton (Crypt:2)
  8 white imps
  6 ufetubi (IceCv)
  2 oozes
  3 adder skeletons
  4 worms
  4 dart slugs
  5 leopard geckos
  111 orcs
  9 bats
  8 giant cockroaches
  9 goblins
  9 hobgoblins
  12 jackals
  9 kobolds
  8 quokkas
  3 ball pythons
  5 frilled lizards
  A kobold skeleton (Crypt:1)
  2 kobold zombies
  A leopard gecko skeleton (D:4)
  A leopard gecko zombie (D:6)
  An orc zombie (Crypt:3)
  5 rats
  A crawling corpse (Elf:3)
  2 fungi (D:10)
  A lurking horror (Abyss:4)
  3 plants
  14 starspawn tentacles
  4 tentacles (Abyss:5)
  6 withered plants (Crypt:3)
3786 creatures vanquished.

Vanquished Creatures (collateral kills)
  An orb of fire (Zot:5)
  Sojobo (Vaults:5)
  Rupert (Lair:5)
  Asterion (Snake:4)
  A tentacled monstrosity (Vaults:5)
  2 shadow dragons (Vaults:5)
  A tengu reaver (Vaults:5)
  A frost giant (Vaults:3)
  An iron dragon (Vaults:5)
  2 vault wardens (Vaults:3)
  Aizul (Snake:4)
  An ironheart preserver (Vaults:5)
  A deep elf elementalist (Vaults:5)
  A reaper (Tar:7)
  2 stone giants (Vaults:5)
  3 dire elephants (Lair:6)
  A deep elf annihilator (Vaults:5)
  3 ettins
  2 yaktaur captains (Vaults:3)
  3 hydras
  2 vault guards
  A two-headed ogre (Vaults:3)
  A deep troll earth mage (Vaults:5)
  Urug (Lair:2)
  3 deep elf knights
  A deep troll (Vaults:5)
  An ironbrand convoker (Vaults:3)
  A wizard (Vaults:3)
  A phantasmal warrior (Vaults:5)
  2 deep elf archers
  5 ugly things (Vaults:3)
  An orc sorcerer (Elf:1)
  6 deep elf magi
  An ice statue (Snake:2)
  A guardian serpent (Snake:2)
  A rust devil (Dis:6)
  2 vault sentinels (Vaults:5)
  A naga mage (Snake:4)
  3 yaktaurs (Vaults:3)
  4 freezing wraiths
  2 ice devils (IceCv)
  A troll (Orc:2)
  A wind drake (shapeshifter) (Vaults:5)
  A hornet (Swamp:4)
  2 slime creatures (Vaults:3)
  An ice dragon zombie (Tar:7)
  2 hippogriffs
  A yak (Lair:6)
  2 wargs
  2 nagas
  A water moccasin (Lair:2)
  A manticore zombie (Tar:7)
  4 orc warriors
  3 ogres
  A crocodile (shapeshifter) (Vaults:3)
  2 orc wizards (D:6)
  A human skeleton (Hell)
  A shadow imp (Tar:7)
  2 orcs
  A fungus (Lair:2)
101 creatures vanquished.

Vanquished Creatures (others)
  A draconian knight (Zot:4)
  A hell hog (Geh:1)
  An ugly thing (Abyss:5)
  A smoke demon (Abyss:5)
  A tormentor (Geh:1)
  A tyrant leech (Swamp:3)
  6 raiju
  A water elemental (Abyss:5)
  3 large abominations (Abyss:3)
  A golden eye (Abyss:5)
  A human (Swamp:3)
  4 small abominations (Abyss:3)
  A hell hound (Tar:1)
  An orc warrior (Vaults:2)
  2 ogres
  An eye of draining (Abyss:5)
  An orc wizard (Orc:1)
  A white imp (IceCv)
  6 bushes (Depths:3)
  4 fungi
  A lurking horror (Abyss:3)
  7 plants
  72 starspawn tentacles
  5 tentacles (Abyss:5)
  4 withered plants (Crypt:3)
128 creatures vanquished.

Grand Total: 4015 creatures vanquished

Notes
Turn   | Place    | Note
-------+----------+-------------------------------------------
     0 | D:1      | certifiedBob the Demonspawn Berserker began the quest for the Orb.
     0 | D:1      | Reached XP level 1. HP: 18/18 MP: 1/1
   296 | D:1      | Gained mutation: You are partially covered in sharp spines. [demonic ancestry]
   296 | D:1      | Reached XP level 2. HP: 21/24 MP: 2/2
  1135 | D:1      | Gained mutation: You are immune to rotting. [demonic ancestry]
  1135 | D:1      | Reached XP level 3. HP: 29/29 MP: 3/3
  1356 | D:2      | Reached ** piety under Trog
  1803 | D:2      | Gained mutation: You may emit foul miasma when damaged in melee. [demonic ancestry]
  1803 | D:2      | Reached XP level 4. HP: 35/35 MP: 4/4
  2381 | D:3      | Reached skill level 5 in Maces & Flails
  2557 | D:3      | Gained mutation: You are partially covered in thin metallic scales. (AC +2) [demonic ancestry]
  2557 | D:3      | Reached XP level 5. HP: 41/41 MP: 5/5
  2696 | D:4      | Noticed Menkaure
  2708 | D:4      | Killed Menkaure
  2810 | D:4      | Gained mutation: You have large cloven feet. [demonic ancestry]
  2810 | D:4      | Reached XP level 6. HP: 32/47 MP: 6/6
  3134 | D:4      | Reached *** piety under Trog
  3418 | D:4      | Noticed Csabeeboy's ghost (amateur DrWn)
  3690 | D:4      | Killed Csabeeboy's ghost
  3690 | D:4      | Reached XP level 7. HP: 52/52 MP: 7/7
  4175 | D:5      | Entered Level 5 of the Dungeon
  4232 | D:5      | Received a gift from Trog
  4566 | D:5      | Gained mutation: You have hoof-like feet. [demonic ancestry]
  4566 | D:5      | Reached XP level 8. HP: 55/58 MP: 8/8
  4704 | D:5      | Found Osasel's Antique Weapon Emporium.
  5115 | D:6      | Reached **** piety under Trog
  5335 | D:6      | Reached skill level 10 in Maces & Flails
  5427 | D:6      | Noticed Grinder
  5438 | D:6      | Killed Grinder
  5678 | D:6      | Noticed Edmund
  5687 | D:6      | Killed Edmund
  5731 | D:6      | Found a stormy altar of Qazlal.
  5887 | D:6      | Reached XP level 9. HP: 61/63 MP: 9/9
  5957 | D:6      | Found a staircase to the Ecumenical Temple.
  6824 | D:8      | Noticed a two-headed ogre
  6831 | D:8      | Killed a two-headed ogre
  6905 | D:8      | Gained mutation: Your flesh is heat resistant. (rF+) [mutagenic meat]
  7017 | D:8      | Noticed a two-headed ogre
  7024 | D:8      | Killed a two-headed ogre
  7024 | D:8      | Reached XP level 10. HP: 70/70 MP: 10/10
  7429 | D:9      | Reached ***** piety under Trog
  7466 | D:9      | Noticed Joseph
  7489 | D:9      | Killed Joseph
  7492 | D:9      | Found Wecid's Weapon Boutique.
  7746 | D:9      | Noticed a two-headed ogre
  7758 | D:9      | Killed a two-headed ogre
  7833 | D:10     | Entered Level 10 of the Dungeon
  8460 | D:10     | Found a staircase to the Lair.
  8483 | Lair:1   | Entered Level 1 of the Lair of Beasts
  8499 | Lair:1   | Received a gift from Trog
  8542 | Lair:1   | Reached XP level 11. HP: 55/76 MP: 11/11
  8734 | Lair:1   | Noticed an eight-headed hydra
  8741 | Lair:1   | Killed an eight-headed hydra
  9148 | Lair:1   | Noticed a four-headed hydra
  9159 | Lair:1   | Killed a four-headed hydra
  9159 | Lair:1   | Reached skill level 5 in Fighting
  9678 | Lair:2   | Noticed Urug
  9696 | Lair:2   | Killed Urug
  9720 | Lair:2   | Found a labyrinth entrance.
  9724 | Lair:2   | Noticed a four-headed hydra
  9729 | Lair:2   | Killed a four-headed hydra
  9739 | Lab      | Entered a labyrinth
  9811 | Lab      | Reached skill level 5 in Dodging
  9899 | Lab      | Reached skill level 5 in Armour
 10519 | Lab      | Noticed a minotaur
 10531 | Lab      | Killed a minotaur
 10542 | Lab      | Identified the Grimoire of Ashen Enhancements
 10543 | Lab      | Got a smoking platinum ring
 10561 | Lab      | Received a gift from Trog
 10569 | Lair:2   | Identified the ring "Qosoz" {*Tele Int+4 SInv} (You found it in a labyrinth)
 11004 | Lair:2   | Gained mutation: You are mostly covered in sharp spines. [demonic ancestry]
 11004 | Lair:2   | Reached XP level 12. HP: 40/91 MP: 12/12
 11537 | Lair:2   | Found a staircase to the Swamp.
 11619 | Lair:2   | Noticed a four-headed hydra
 11634 | Lair:2   | Killed a four-headed hydra
 13087 | Lair:4   | Found a glowing golden altar of the Shining One.
 13206 | Lair:4   | Found a staircase to the Snake Pit.
 13230 | Lair:4   | Reached skill level 10 in Fighting
 13303 | Lair:4   | Found a blossoming altar of Fedhas.
 13819 | Lair:5   | Found a viscous altar of Jiyva.
 13820 | Lair:5   | Found a staircase to the Slime Pits.
 13857 | Lair:5   | Noticed a five-headed hydra
 13864 | Lair:5   | Killed a five-headed hydra
 13959 | Lair:5   | Gained mutation: You frequently emit foul miasma when damaged in melee. [demonic ancestry]
 13959 | Lair:5   | Reached XP level 13. HP: 82/103 MP: 13/13
 13963 | Lair:5   | Identified a scroll of acquirement
 14090 | Lair:5   | Reached skill level 15 in Maces & Flails
 14457 | Lair:5   | Noticed Rupert
 14464 | Lair:5   | Killed Rupert
 15053 | Lair:6   | Entered Level 6 of the Lair of Beasts
 15490 | Lair:6   | Received a gift from Trog
 15497 | Lair:6   | Reached skill level 10 in Armour
 16270 | Lair:6   | Noticed a dire elephant
 16270 | Lair:6   | Noticed a dire elephant
 16275 | Lair:6   | Noticed a dire elephant
 16281 | Lair:6   | Killed a dire elephant
 16283 | Lair:6   | Killed a dire elephant
 16295 | Lair:6   | Killed a dire elephant
 16573 | Lair:6   | Got a crude bronze ring
 16623 | Lair:6   | Noticed a dire elephant
 16636 | Lair:6   | Killed a dire elephant
 16665 | Lair:6   | Noticed Snorg
 16676 | Lair:6   | Killed Snorg
 16824 | Lair:6   | Reached XP level 14. HP: 65/111 MP: 14/14
 17477 | D:11     | Noticed Harold
 17512 | D:11     | Killed Harold
 17657 | D:11     | Found a staircase to the Orcish Mines.
 17831 | D:11     | Received a gift from Trog
 17849 | D:11     | Found a roughly hewn altar of Beogh.
 18060 | D:11     | Identified the ring "Iddobus" {rCorr rElec rPois Int+3} (You found it on level 6 of the Lair of Beasts)
 18145 | D:11     | Reached skill level 1 in Throwing
 18580 | Orc:1    | Entered Level 1 of the Orcish Mines
 18632 | Orc:1    | Noticed Gastronok
 18664 | Orc:1    | Killed Gastronok
 18896 | Orc:2    | Entered Level 2 of the Orcish Mines
 18898 | Orc:2    | Paralysed by an orc sorcerer for 4 turns
 18904 | Orc:2    | Received a gift from Trog
 18905 | Orc:2    | Got an iridescent mace {god gift}
 18906 | Orc:2    | Identified the +2 mace "Urozeb" {flame, MR+} (Trog gifted it to you on level 2 of the Orcish Mines)
 19066 | Orc:1    | Noticed leszekd25's ghost (journeyman DrAE)
 19339 | Orc:2    | Found a staircase to the Elven Halls.
 19646 | Orc:2    | Noticed an orc warlord
 19666 | Orc:2    | Killed an orc warlord
 19856 | Orc:2    | Found a roughly hewn altar of Beogh.
 19903 | Orc:2    | Found Neinn's General Store.
 19955 | Orc:2    | Found Gin Duyp's Antique Weapon Boutique.
 19998 | Orc:2    | Found Zaopla's Jewellery Boutique.
 20025 | Orc:2    | Found Varph's Antique Armour Boutique.
 20037 | Orc:2    | Bought a twisted hat for 351 gold pieces
 20047 | Orc:2    | Identified the cursed +0 hat "Keiv" {rElec rC+} (You bought it in a shop on level 2 of the Orcish Mines)
 20089 | Orc:2    | Bought a scroll of identify for 26 gold pieces
 20089 | Orc:2    | Bought a potion of curing for 39 gold pieces
 20191 | Orc:2    | Found Gulankurph's Assorted Antiques.
 20201 | Orc:2    | Bought 2 potions of heal wounds for 240 gold pieces
 20201 | Orc:2    | Bought a potion of might for 96 gold pieces
 20201 | Orc:2    | Bought a scroll of teleportation for 72 gold pieces
 20201 | Orc:2    | Bought a potion of curing for 72 gold pieces
 20466 | Orc:1    | Killed leszekd25's ghost
 20466 | Orc:1    | Received a gift from Trog
 20748 | Snake:1  | Entered Level 1 of the Snake Pit
 21305 | Lair:4   | Gained mutation: You have hooves in place of feet. [demonic ancestry]
 21305 | Lair:4   | Reached XP level 15. HP: 47/117 MP: 15/15
 21541 | Snake:1  | Reached skill level 5 in Throwing
 22416 | Snake:2  | Found a frozen archway.
 22427 | IceCv    | Entered an ice cave
 24309 | IceCv    | Got a steaming lapis lazuli ring
 25235 | Snake:2  | Received a gift from Trog
 25267 | Snake:2  | Identified the ring "Laeqi" {rElec rF+ rC+ rN+ SInv} (You found it in an ice cave)
 25608 | Snake:2  | Found a runed door.
 26091 | Snake:2  | Got an iridescent morningstar
 26092 | Snake:2  | Identified the +7 morningstar of the Silent Majority {freeze, rElec rN+} (You found it on level 2 of the Snake Pit)
 26666 | Snake:3  | Received a gift from Trog
 26831 | Snake:3  | Noticed a nagaraja
 27332 | Snake:3  | Killed a nagaraja
 27332 | Snake:3  | Reached XP level 16. HP: 100/125 MP: 16/16
 28274 | Snake:4  | Entered Level 4 of the Snake Pit
 28694 | Snake:4  | Noticed Asterion
 28706 | Snake:4  | Killed Asterion
 29543 | Snake:4  | Reached skill level 15 in Armour
 29728 | Snake:4  | Received a gift from Trog
 30744 | Snake:4  | Received a gift from Trog
 30949 | Snake:4  | Received a gift from Trog
 31207 | Snake:4  | Got a serpentine rune of Zot
 31372 | Snake:4  | Noticed Aizul
 31397 | Snake:4  | Killed Aizul
 31409 | Snake:4  | Received a gift from Trog
 31409 | Snake:4  | Reached XP level 17. HP: 70/135 MP: 17/17
 32579 | Swamp:1  | Entered Level 1 of the Swamp
 32621 | Swamp:1  | Got a distressingly furry scarf
 32632 | Swamp:1  | Identified the scarf "Yricu" {-Tele rPois rC+ Stlth+} (You acquired it on level 1 of the Swamp)
 32984 | Swamp:1  | Reached skill level 10 in Throwing
 33393 | Swamp:2  | Paralysed by a hornet for 3 turns
 33577 | Swamp:2  | Received a gift from Trog
 33838 | Swamp:2  | Paralysed by a hornet for 1 turns
 33895 | Swamp:2  | Received a gift from Trog
 34546 | Swamp:3  | Noticed Kirke
 34565 | Swamp:3  | Killed Kirke
 34565 | Swamp:3  | Received a gift from Trog
 34945 | Swamp:3  | Received a gift from Trog
 35502 | Swamp:4  | Entered Level 4 of the Swamp
 35513 | Swamp:4  | Paralysed by a hornet for 1 turns
 36499 | Swamp:4  | Reached XP level 18. HP: 105/145 MP: 18/18
 36554 | Swamp:4  | Got a decaying rune of Zot
 37096 | Swamp:1  | Received a gift from Trog
 37254 | Elf:1    | Entered Level 1 of the Elven Halls
 37277 | Elf:1    | Found a radiant altar of Vehumet.
 37339 | Elf:1    | Received a gift from Trog
 38400 | Elf:1    | Reached skill level 1 in Shields
 38463 | Elf:1    | Noticed Agnes
 38471 | Elf:1    | Killed Agnes
 38515 | Elf:1    | Noticed Roxanne
 38549 | Elf:1    | Killed Roxanne
 38556 | Elf:1    | Received a gift from Trog
 38561 | Elf:1    | Identified Roxanne's Disquisition on Stones (You took it off Roxanne on level 1 of the Elven Halls)
 38746 | Elf:1    | Noticed Nikola
 38759 | Elf:1    | Killed Nikola
 39507 | Elf:2    | Cast into level 3 of the Abyss (a deep elf sorcerer)
 39557 | Abyss:3  | Gained mutation: Armour fits poorly on your strangely shaped body. [a neqoxec]
 39564 | Abyss:3  | Lost mutation: Armour fits poorly on your strangely shaped body. [potion of mutation]
 39564 | Abyss:3  | Lost mutation: Your flesh is heat resistant. (rF+) [potion of mutation]
 39564 | Abyss:3  | Gained mutation: Your magical capacity is low. (-10% MP) [potion of mutation]
 39564 | Abyss:3  | Gained mutation: You do not regenerate when monsters are visible. [potion of mutation]
 39564 | Abyss:3  | Gained mutation: You are robust. (+10% HP) [potion of mutation]
 39670 | Abyss:3  | Gained mutation: You are dopey. (Int -2) [a neqoxec]
 39729 | Abyss:3  | Received a gift from Trog
 39861 | Abyss:3  | Found a corrupted altar of Lugonu.
 39863 | Abyss:3  | Found a corrupted altar of Lugonu.
 39876 | Abyss:3  | Noticed a bone dragon
 39904 | Abyss:3  | Killed a bone dragon
 39904 | Abyss:3  | Received a gift from Trog
 40058 | Abyss:3  | Found a corrupted altar of Lugonu.
 40083 | Abyss:3  | Paralysed by accursed screaming for 1 turns
 40103 | Abyss:3  | Paralysed by accursed screaming for 1 turns
 40168 | Abyss:3  | Found a corrupted altar of Lugonu.
 40294 | Abyss:3  | Found a corrupted altar of Lugonu.
 40378 | Elf:2    | Escaped the Abyss
 40390 | Elf:2    | Gained mutation: You resist negative energy. (rN+) [demonic ancestry]
 40390 | Elf:2    | Reached XP level 19. HP: 146/167 MP: 17/17
 40585 | Elf:2    | Noticed Louise
 40612 | Elf:2    | Killed Louise
 40732 | Elf:2    | Received a gift from Trog
 40856 | Elf:2    | Found a runed door.
 40884 | Elf:2    | Found a runed door.
 40909 | Elf:2    | Received a gift from Trog
 40961 | Elf:2    | Received a gift from Trog
 41180 | Elf:2    | Received a gift from Trog
 41205 | Elf:2    | Reached skill level 5 in Shields
 41231 | Elf:2    | Reached skill level 10 in Dodging
 42214 | Elf:2    | Received a gift from Trog
 42380 | Elf:3    | Entered Level 3 of the Elven Halls
 42394 | Elf:3    | Found Vuof's Gadget Boutique.
 42659 | D:12     | Noticed Frances
 42671 | D:12     | Killed Frances
 42705 | D:12     | Noticed Azrael
 42718 | D:12     | Found a stormy altar of Qazlal.
 42884 | D:12     | Killed Azrael
 43094 | D:12     | Received a gift from Trog
 43940 | D:13     | Received a gift from Trog
 44056 | D:13     | Found a gate to the Vaults.
 44168 | D:13     | Found a sparkling altar of Nemelex Xobeh.
 44247 | Vaults:1 | Entered Level 1 of the Vaults
 44383 | Vaults:1 | Reached skill level 15 in Fighting
 45329 | Vaults:1 | Received a gift from Trog
 45329 | Vaults:1 | Gained mutation: You are somewhat able to resist unholy torments (1 in 2 success). [demonic ancestry]
 45329 | Vaults:1 | Reached XP level 20. HP: 58/178 MP: 16/18
 45841 | Vaults:1 | Received a gift from Trog
 46879 | Vaults:2 | Received a gift from Trog
 47011 | Vaults:2 | Received a gift from Trog
 47048 | Vaults:2 | Reached skill level 10 in Shields
 47076 | Vaults:2 | Received a gift from Trog
 47139 | Vaults:2 | Received a gift from Trog
 47152 | Vaults:2 | Got a pitted morningstar {god gift}
 47153 | Vaults:2 | Identified the +1 morningstar "Olyi" {flame, rPois rF- Dex+8} (Trog gifted it to you on level 2 of the Vaults)
 47534 | Vaults:2 | Reached ****** piety under Trog
 47740 | Vaults:2 | Found a staircase to the Crypt.
 48852 | Vaults:3 | Received a gift from Trog
 48918 | Vaults:3 | Reached XP level 21. HP: 90/184 MP: 18/18
 49542 | Vaults:3 | Found Nieclad's Armour Boutique.
 50280 | Vaults:4 | Received a gift from Trog
 50403 | Vaults:4 | Received a gift from Trog
 50768 | Vaults:4 | Reached skill level 15 in Shields
 50790 | Vaults:4 | Received a gift from Trog
 51458 | Vaults:4 | Received a gift from Trog
 51487 | Vaults:4 | HP: 5/184 [yaktaur captain/bolt (18)]
 52617 | Vaults:4 | Received a gift from Trog
 52628 | Vaults:4 | Paralysed by a sphinx for 4 turns
 53289 | Vaults:4 | Received a gift from Trog
 53586 | Vaults:5 | Entered Level 5 of the Vaults
 53640 | Vaults:5 | Received a gift from Trog
 53640 | Vaults:5 | Reached XP level 22. HP: 170/192 MP: 19/19
 53997 | Vaults:5 | Noticed a golden dragon
 54009 | Vaults:5 | Killed a golden dragon
 54221 | Vaults:5 | Got a silver rune of Zot
 54299 | Vaults:5 | Received a gift from Trog
 54692 | Vaults:5 | Noticed Sojobo
 54710 | Vaults:5 | Killed Sojobo
 55125 | Vaults:5 | Noticed a golden dragon
 55128 | Vaults:5 | Noticed Frederick
 55148 | Vaults:5 | Killed a golden dragon
 55158 | Vaults:5 | Killed Frederick
 55158 | Vaults:5 | Received a gift from Trog
 55177 | Vaults:5 | HP: 4/195 [deep troll (13)]
 55184 | Vaults:5 | HP: 9/195 [poisoned by an ogre mage (bolt of poison)]
 56577 | D:15     | Entered Level 15 of the Dungeon
 57096 | D:15     | Found a staircase to the Depths.
 57281 | D:15     | Received a gift from Trog
 57282 | D:15     | Lost mutation: You do not regenerate when monsters are visible. [potion of mutation]
 57282 | D:15     | Lost mutation: You are dopey. (Int -2) [potion of mutation]
 57282 | D:15     | Lost mutation: You are robust. (+10% HP) [potion of mutation]
 57282 | D:15     | Gained mutation: Your body sometimes deteriorates upon taking damage. [potion of mutation]
 57282 | D:15     | Gained mutation: You are covered in fur. (AC +1) [potion of mutation]
 57282 | D:15     | Gained mutation: You are mostly covered in thin metallic scales. (AC +3) [potion of mutation]
 57283 | D:15     | Lost mutation: Your magical capacity is low. (-10% MP) [potion of mutation]
 57283 | D:15     | Lost mutation: Your body sometimes deteriorates upon taking damage. [potion of mutation]
 57283 | D:15     | Lost mutation: You are covered in fur. (AC +1) [potion of mutation]
 57283 | D:15     | Gained mutation: You occasionally shout uncontrollably at your foes. [potion of mutation]
 57283 | D:15     | Gained mutation: You are robust. (+10% HP) [potion of mutation]
 57479 | Depths:1 | Entered Level 1 of the Depths
 57616 | Depths:1 | Mutation became permanent: You are partially covered in thin metallic scales. (AC +2) [demonic ancestry]
 57616 | Depths:1 | Gained mutation: You are mostly covered in thin metallic scales. (AC +3) [demonic ancestry]
 57616 | Depths:1 | Reached XP level 23. HP: 160/204 MP: 23/23
 57745 | Depths:1 | Found a gateway to Hell.
 57809 | Depths:1 | Found a one-way gate leading to the halls of Pandemonium.
 57850 | Depths:1 | Paralysed by a hornet for 1 turns
 57877 | Depths:1 | Noticed chimenez's ghost (adept FoEE)
 57899 | Depths:1 | Killed chimenez's ghost
 58385 | Depths:1 | Found Byruge Noeh's Antique Armour Shoppe.
 58416 | Depths:1 | Bought a heavily runed helmet for 228 gold pieces
 58417 | Depths:1 | Identified the +1 helmet "Giupihoc" {*Slow rF+ rC+ Slay+6} (You bought it in a shop on level 1 of the Depths)
 58803 | Depths:1 | Received a gift from Trog
 59183 | Depths:2 | Found Luiked's Blood Bar.
 60065 | Depths:2 | Received a gift from Trog
 60333 | Depths:2 | Paralysed by a great orb of eyes for 6 turns
 61151 | Depths:3 | Received a gift from Trog
 61416 | Depths:3 | Gained mutation: Your melee attacks may debilitate your foes. [demonic ancestry]
 61416 | Depths:3 | Reached XP level 24. HP: 216/216 MP: 23/23
 61870 | Depths:3 | Noticed a juggernaut
 61883 | Depths:3 | Killed a juggernaut
 62167 | Depths:4 | Cast into level 4 of the Abyss (a lich)
 62167 | Abyss:4  | Found a corrupted altar of Lugonu.
 62184 | Depths:4 | Escaped the Abyss
 62571 | Depths:4 | Found a gateway to a ziggurat.
 62702 | Depths:4 | Found a one-way gate to the infinite horrors of the Abyss.
 63176 | Depths:4 | Received a gift from Trog
 63266 | Depths:4 | Got a twitching copper ring
 63481 | Depths:4 | Noticed a juggernaut
 63488 | Depths:4 | Killed a juggernaut
 63867 | Depths:4 | Noticed a juggernaut
 63886 | Depths:4 | Killed a juggernaut
 63899 | Depths:4 | Noticed Mennas
 63917 | Depths:4 | Killed Mennas
 64350 | Depths:5 | Entered Level 5 of the Depths
 64409 | Depths:5 | Found a magical portal.
 64420 | WizLab   | Entered The Chambers of the Cloud Mage
 64470 | WizLab   | Gained mutation: You are completely covered in sharp spines. [demonic ancestry]
 64470 | WizLab   | Reached XP level 25. HP: 215/228 MP: 23/23
 64712 | WizLab   | Received a gift from Trog
 64857 | Depths:5 | Identified the ring "Lonnut" {Ice +Blink Stlth+} (You took it off a vampire mage on level 4 of the Depths)
 65153 | Depths:5 | Received a gift from Trog
 65270 | Depths:5 | Noticed Jorgrun
 65275 | Depths:5 | Killed Jorgrun
 65679 | Depths:5 | Found a gate to the Realm of Zot.
 65995 | Zot:1    | Entered Level 1 of the Realm of Zot
 66767 | Zot:1    | Received a gift from Trog
 68278 | Zot:3    | Reached XP level 26. HP: 116/239 MP: 0/23
 68947 | Zot:3    | Received a gift from Trog
 69151 | Zot:3    | Reached skill level 27 in Maces & Flails
 70136 | Zot:4    | Got a warped hat
 70296 | Zot:4    | Received a gift from Trog
 70587 | Zot:4    | Identified the cursed -4 hat of the Lotus Blossom {Slay+5} (You found it on level 4 of the Realm of Zot)
 71821 | Zot:5    | Entered Level 5 of the Realm of Zot
 72076 | Zot:5    | Gained mutation: You are completely covered in thin metallic scales. (AC +4, rElec) [demonic ancestry]
 72076 | Zot:5    | Reached XP level 27. HP: 211/258 MP: 23/23
 72174 | Zot:5    | Received a gift from Trog
 72506 | Zot:5    | Noticed an ancient lich
 72514 | Zot:5    | Killed an ancient lich
 72764 | Zot:5    | Noticed an ancient lich
 72776 | Zot:5    | Killed an ancient lich
 72898 | Zot:5    | Noticed an orb of fire
 72906 | Zot:5    | Noticed an orb of fire
 72917 | Zot:5    | Killed an orb of fire
 72922 | Zot:5    | Killed an orb of fire
 72927 | Zot:5    | Noticed an orb of fire
 72938 | Zot:5    | Killed an orb of fire
 74060 | Elf:3    | Received a gift from Trog
 74197 | Elf:3    | Identified Saockua's Reference Book on Evil Rites
 74209 | Elf:3    | Received a gift from Trog
 74216 | Elf:3    | Got an ancient brass ring
 74242 | Elf:3    | Identified the Guide on Enchantment and Stolen Souls
 74254 | Elf:3    | Identified the ring "Myan" {+Inv rF+} (You took it off a deep elf annihilator on level 3 of the Elven Halls)
 74552 | Elf:3    | Identified Qitzud's Reference Book on Damaging Creation
 74723 | Elf:3    | Received a gift from Trog
 75362 | Vaults:4 | Received a gift from Trog
 75625 | Vaults:4 | Got a flickering brass ring
 75834 | Vaults:4 | Identified the ring of the Turtledove {rCorr rElec rC+ MR- Str+4} (You took it off a vault guard on level 4 of the Vaults)
 75841 | Vaults:4 | Received a gift from Trog
 76153 | Vaults:5 | Noticed an ancient lich
 76164 | Vaults:5 | Paralysed by an ancient lich for 6 turns
 76166 | Vaults:5 | Killed an ancient lich
 76179 | Vaults:5 | Received a gift from Trog
 76219 | Vaults:5 | Got a jewelled demon trident {flame}
 76220 | Vaults:5 | Identified the +6 demon trident "Voch" {flame, *Corrode rN+ MP+9} (You took it off a vault sentinel on level 5 of the Vaults)
 76470 | Vaults:5 | Received a gift from Trog
 76869 | Crypt:1  | Entered Level 1 of the Crypt
 77165 | Crypt:1  | Found a burning altar of Makhleb.
 77555 | Crypt:1  | Noticed Khufu
 77559 | Crypt:1  | Noticed a greater mummy
 77559 | Crypt:1  | Noticed a greater mummy
 77967 | Crypt:1  | Killed a greater mummy
 77983 | Crypt:2  | Killed a greater mummy
 78038 | Crypt:1  | Killed Khufu
 79054 | Crypt:3  | Entered Level 3 of the Crypt
 79226 | Crypt:3  | Received a gift from Trog
 79330 | Crypt:3  | Noticed Saint Roka
 79338 | Crypt:3  | Reached skill level 15 in Dodging
 79354 | Crypt:3  | Killed Saint Roka
 79369 | Crypt:3  | Received a gift from Trog
 79652 | Crypt:3  | Received a gift from Trog
 80010 | Crypt:3  | Reached skill level 27 in Fighting
 80241 | Crypt:3  | Found a basalt altar of Yredelemnul.
 80268 | Crypt:3  | Received a gift from Trog
 80431 | Crypt:3  | Found a staircase to the Tomb.
 80787 | Crypt:3  | Received a gift from Trog
 81897 | Depths:4 | Voluntarily entered the Abyss.
 81913 | Abyss:1  | Found a shadowy altar of Dithmenos.
 82107 | Abyss:1  | Paralysed by accursed screaming for 1 turns
 82125 | Abyss:1  | Paralysed by accursed screaming for 1 turns
 82228 | Abyss:2  | Received a gift from Trog
 82317 | Abyss:3  | Found a sacrificial altar of Ru.
 82704 | Abyss:4  | Found a corrupted altar of Lugonu.
 82756 | Abyss:4  | Found a corrupted altar of Lugonu.
 82817 | Abyss:4  | Received a gift from Trog
 82895 | Abyss:5  | Entered Level 5 of the Abyss
 83232 | Abyss:5  | Received a gift from Trog
 83239 | Abyss:5  | Paralysed by accursed screaming for 1 turns
 83434 | Abyss:5  | Received a gift from Trog
 83527 | Abyss:5  | Gained mutation: You are clumsy. (Dex -2) [a shining eye]
 83903 | Abyss:5  | Paralysed by accursed screaming for 1 turns
 83960 | Abyss:5  | Received a gift from Trog
 84005 | Abyss:5  | Received a gift from Trog
 84065 | Abyss:5  | Noticed an ancient lich
 84077 | Abyss:5  | Killed an ancient lich
 84095 | Abyss:5  | Received a gift from Trog
 84142 | Abyss:5  | Paralysed by accursed screaming for 1 turns
 84164 | Abyss:5  | Received a gift from Trog
 84229 | Abyss:5  | Received a gift from Trog
 84325 | Abyss:5  | Gained mutation: Armour fits poorly on your strangely shaped body. [a neqoxec]
 84346 | Abyss:5  | Received a gift from Trog
 84463 | Abyss:5  | Received a gift from Trog
 84694 | Abyss:5  | Paralysed by you for 5 turns
 84718 | Abyss:5  | Got an abyssal rune of Zot
 84725 | Depths:4 | Escaped the Abyss
 84756 | Depths:4 | Lost mutation: You are robust. (+10% HP) [potion of mutation]
 84756 | Depths:4 | Lost mutation: You are clumsy. (Dex -2) [potion of mutation]
 84756 | Depths:4 | Lost mutation: You occasionally shout uncontrollably at your foes. [potion of mutation]
 84756 | Depths:4 | Lost mutation: Armour fits poorly on your strangely shaped body. [potion of mutation]
 84756 | Depths:4 | Gained mutation: You have an increased reservoir of magic. (+10% MP) [potion of mutation]
 84756 | Depths:4 | Gained mutation: You passively map a small area around you. [potion of mutation]
 84756 | Depths:4 | Gained mutation: You passively map the area around you. [potion of mutation]
 84756 | Depths:4 | Gained mutation: You are agile. (Dex +2) [potion of mutation]
 84846 | Hell     | Entered the Vestibule of Hell
 84846 | Hell     | Noticed Geryon
 84891 | Hell     | Killed Geryon
 85294 | Hell     | Received a gift from Trog
 85317 | Hell     | Noticed Murray
 85652 | Depths:4 | Received a gift from Trog
 85952 | Hell     | Killed Murray
 85956 | Hell     | Received a gift from Trog
 86061 | Hell     | Found a gateway to the decaying netherworld of Tartarus.
 86078 | Tar:1    | Entered Level 1 of Tartarus
 86147 | Tar:1    | Received a gift from Trog
 86650 | Tar:3    | Received a gift from Trog
 87069 | Tar:7    | Entered Level 7 of Tartarus
 87165 | Tar:7    | Noticed the Serpent of Hell
 87181 | Tar:7    | Killed the Serpent of Hell
 87205 | Tar:7    | Noticed Ereshkigal
 87218 | Tar:7    | Killed Ereshkigal
 87278 | Tar:7    | Got a bone rune of Zot
 87285 | Tar:7    | Got a transparent iron ring
 89699 | Hell     | Found a gateway to the ashen valley of Gehenna.
 89706 | Geh:1    | Entered Level 1 of Gehenna
 89744 | Geh:1    | Received a gift from Trog
 90059 | Geh:3    | Found a huge runed gate.
 90059 | Geh:3    | Found a huge runed gate.
 90059 | Geh:3    | Found a huge runed gate.
 90059 | Geh:3    | Found a huge runed gate.
 90059 | Geh:3    | Found a huge runed gate.
 90060 | Geh:3    | Found a huge runed gate.
 90061 | Geh:3    | Found a huge runed gate.
 90062 | Geh:3    | Found a huge runed gate.
 90063 | Geh:3    | Found a huge runed gate.
 90064 | Geh:3    | Found a huge runed gate.
 90066 | Geh:3    | Found a huge runed gate.
 90067 | Geh:3    | Found a huge runed gate.
 90068 | Geh:3    | Found a huge runed gate.
 90232 | Geh:3    | Received a gift from Trog
 90312 | Geh:3    | Gained mutation: You are frail. (-10% HP) [mutagenic glow]
 90324 | Geh:3    | Lost mutation: You are agile. (Dex +2) [potion of mutation]
 90324 | Geh:3    | Lost mutation: You are frail. (-10% HP) [potion of mutation]
 90324 | Geh:3    | Lost mutation: You passively map the area around you. [potion of mutation]
 90324 | Geh:3    | Gained mutation: You are dopey. (Int -2) [potion of mutation]
 90324 | Geh:3    | Gained mutation: You can translocate small distances at will. [potion of mutation]
 90324 | Geh:3    | Gained mutation: You have a pair of small antennae on your head. [potion of mutation]
 90338 | Geh:3    | Gained mutation: You occasionally shout uncontrollably at your foes. [mutagenic glow]
 90387 | Geh:3    | Gained mutation: You expend magic power (3 MP) to strengthen your wands. [mutagenic glow]
 90390 | Geh:3    | Lost mutation: You expend magic power (3 MP) to strengthen your wands. [potion of mutation]
 90390 | Geh:3    | Lost mutation: You can translocate small distances at will. [potion of mutation]
 90390 | Geh:3    | Lost mutation: You are dopey. (Int -2) [potion of mutation]
 90390 | Geh:3    | Lost mutation: You have an increased reservoir of magic. (+10% MP) [potion of mutation]
 90390 | Geh:3    | Gained mutation: You are weak. (Str -2) [potion of mutation]
 90390 | Geh:3    | Gained mutation: You are agile. (Dex +2) [potion of mutation]
 90391 | Geh:3    | Lost mutation: You have a pair of small antennae on your head. [potion of mutation]
 90391 | Geh:3    | Lost mutation: You are weak. (Str -2) [potion of mutation]
 90391 | Geh:3    | Lost mutation: You occasionally shout uncontrollably at your foes. [potion of mutation]
 90391 | Geh:3    | Gained mutation: You tend to lose your temper in combat. [potion of mutation]
 90391 | Geh:3    | Gained mutation: Armour fits poorly on your strangely shaped body. [potion of mutation]
 90391 | Geh:3    | Gained mutation: Your muscles are strong. (Str +2) [potion of mutation]
 90549 | Geh:5    | Found a huge runed gate.
 90549 | Geh:5    | Found a huge runed gate.
 90549 | Geh:5    | Found a huge runed gate.
 90549 | Geh:5    | Found a huge runed gate.
 90549 | Geh:5    | Found a huge runed gate.
 90549 | Geh:5    | Found a huge runed gate.
 90549 | Geh:5    | Found a huge runed gate.
 90550 | Geh:5    | Found a huge runed gate.
 90551 | Geh:5    | Found a huge runed gate.
 90552 | Geh:5    | Found a huge runed gate.
 90552 | Geh:5    | Found a huge runed gate.
 90552 | Geh:5    | Found a huge runed gate.
 90552 | Geh:5    | Found a huge runed gate.
 90627 | Geh:6    | HP: 12/249 [hellion/damnation (32)]
 90628 | Geh:7    | Entered Level 7 of Gehenna
 90710 | Geh:7    | Received a gift from Trog
 91068 | Geh:7    | Received a gift from Trog
 91110 | Geh:7    | Noticed Asmodeus
 91155 | Geh:7    | Killed Asmodeus
 91194 | Geh:7    | Got an obsidian rune of Zot
 91422 | Geh:7    | Received a gift from Trog
 91796 | Hell     | Found a gateway to the Iron City of Dis.
 91806 | Dis:1    | Entered Level 1 of the Iron City of Dis
 91849 | Dis:2    | Received a gift from Trog
 92285 | Dis:4    | Reached skill level 27 in Dodging
 92303 | Dis:4    | Reached skill level 1 in Staves
 92419 | Dis:5    | Received a gift from Trog
 92648 | Dis:7    | Entered Level 7 of the Iron City of Dis
 92839 | Dis:7    | Killed from afar by a Hell Sentinel

Skill      XL: |  1  2  3  4  5  6  7  8  9 10 11 12 13 14 15 16 17 18 19 20 21 22 23 24 25 26 27 |
---------------+----------------------------------------------------------------------------------+-----
Maces & Flails | 3 4 5 6 8 9 11 13 14 16 17 18 19 20 22 23 24 26 27 | 27.0
Armour         | 2 6 9 10 12 14 15 16 | 16.7
Dodging        | 2 5 7 8 9 11 12 27 | 27.0
Fighting       | 7 10 11 12 13 14 15 16 18 19 20 23 27 | 27.0
Throwing       | 4 7 9 10 11 12 | 12.2
Shields        | 4 8 13 16 | 16.4
Staves         | 4 |  4.2

Action                   |  1- 3 |  4- 6 |  7- 9 | 10-12 | 13-15 | 16-18 | 19-21 | 22-24 | 25-27 || total
-------------------------+-------+-------+-------+-------+-------+-------+-------+-------+-------++-------
Melee: Mace              |    74 |    92 |    69 |       |    45 |       |       |       |       ||   280
       Kick              |       |    11 |    62 |       |   174 |   550 |   631 |   751 |  2873 ||  5052
       Morningstar       |       |       |   103 |       |    91 |  1442 |   106 |       |       ||  1742
       Flail             |       |       |   110 |   615 |  1183 |       |       |       |       ||  1908
       Great mace        |       |       |       |       |    21 |       |       |       |       ||    21
       Eveningstar       |       |       |       |       |       |       |  1380 |  1615 |  4124 ||  7119
       Demon whip        |       |       |       |       |       |       |       |       |   954 ||   954
Throw: Tomahawk          |       |       |       |    18 |   254 |   297 |   335 |    36 |       ||   940
       Javelin           |       |       |       |     5 |    11 |    14 |    84 |   108 |   331 ||   553
Invok: Berserk           |     2 |     4 |     7 |     9 |    12 |     7 |     2 |       |     3 ||    46
       Trog's Hand       |       |     1 |     3 |     4 |    22 |    30 |    25 |    14 |   101 ||   200
       Brothers in Arms  |       |       |     1 |     4 |    12 |     8 |     8 |     6 |    21 ||    60
       Burn Spellbooks   |       |       |       |     5 |     3 |     1 |     2 |       |    11 ||    22
Evoke: Wand              |       |       |       |     2 |    10 |     2 |       |       |     8 ||    22
  Use: Scroll            |       |       |       |    11 |    16 |    15 |    16 |    11 |    30 ||    99
       Potion            |       |       |       |       |     4 |    16 |     7 |     9 |    33 ||    69
 Stab: Sleeping          |     1 |       |       |       |       |       |       |       |       ||     1
       Distracted        |       |       |       |       |     1 |     1 |     5 |     2 |     5 ||    14
       Paralysed         |       |       |       |       |       |       |       |       |     1 ||     1
  Eat: Chunk             |     5 |     8 |    16 |    19 |    26 |    22 |    37 |    29 |    36 ||   198
       Bread ration      |       |     1 |       |       |     1 |     1 |     3 |       |    27 ||    33
       Fruit             |       |       |       |    10 |     4 |     3 |     5 |     5 |    17 ||    44
       Meat ration       |       |       |       |     2 |     1 |     5 |     1 |     1 |       ||    10
       Royal jelly       |       |       |       |       |    14 |     3 |       |     3 |     4 ||    24
Armor: Leather armour    |    22 |    14 |       |       |       |       |       |       |       ||    36
       Animal skin       |     1 |       |       |       |       |       |       |       |       ||     1
       Ring mail         |       |    11 |    88 |       |       |       |       |       |       ||    99
       Plate armour      |       |       |    16 |   241 |   526 |   659 |    96 |       |       ||  1538
       Storm dragon scal |       |       |       |       |       |       |   352 |    14 |       ||   366
       Gold dragon scale |       |       |       |       |       |       |       |   516 |  1799 ||  2315
Dodge: Dodged            |    37 |    39 |   125 |   231 |   596 |   499 |   526 |   432 |  2326 ||  4811
       Deflected         |       |       |       |     3 |       |       |       |       |       ||     3
Block: Buckler           |       |       |       |       |       |    35 |   352 |    26 |       ||   413
       Shield            |       |       |       |       |       |       |       |   717 |  2997 ||  3714
       Rpst.: Eveningstar |       |       |       |       |       |       |       |       |   327 ||   327
       Demon whip        |       |       |       |       |       |       |       |       |    71 ||    71
